 Dungeon Crawl Stone Soup version 0.31-a0-662-g684573625c (webtiles) character file.

Game seed: 16854911529352673661

861 HoaS the Skirmisher (level 8, -3/56 HPs)
             Began as a Formicid Hunter on Aug 31, 2023.
             Engulfed by a steam dragon's steam (8 damage)
             ... on level 5 of the Dungeon.
             The game lasted 00:12:57 (3444 turns).

HoaS the Skirmisher (Formicid Hunter)               Turns: 3444, Time: 00:12:57

Health: -3/56      AC:  6    Str: 22    XL:     8   Next: 22%
Magic:  8/8        EV: 12    Int:  8    God:
Gold:   198        SH:  0    Dex: 19    Spells: 7/7 levels left

rFire   . . .        a - +1 shortbow
rCold   . . .        (no shield)
rNeg    . . .        c - +0 leather armour
rPois   .            (helmet unavailable)
rElec   .            e - +1 cloak {Stlth+}
rCorr   +            (no gloves)
SInv    +            p - +0 pair of boots
Will    +....        g - amulet of Suspicion {Will+ Regen+ rCorr Str+5}
Stlth   +++          (no ring)
HPRegen 1.09/turn    (no ring)
MPRegen 0.11/turn

%: no passive effects
@: invisible
A: permanent stasis, dig shafts and tunnels, antennae 3, four strong arms
a: Dig, Shaft Self


You were on level 5 of the Dungeon.
You visited 1 branch of the dungeon, and saw 5 of its levels.

You collected 198 gold pieces.

Inventory:

Hand Weapons
 a - a +1 shortbow (weapon)
Armour
 c - a +0 leather armour (worn)
 e - a +1 cloak of stealth (worn)
 p - a +0 pair of boots (worn)
Jewellery
 g - the amulet of Suspicion (around neck) {Will+ Regen+ rCorr Str+5}
   (You found it on level 3 of the Dungeon)

   [amulet of regeneration]

   Str+5:     It affects your strength (+5).
   Will+:     It increases your willpower.
   Regen+:    It increases your rate of health regeneration.
   rCorr:     It protects you from acid and corrosion.
Wands
 n - a wand of paralysis (6)
Scrolls
 b - a scroll of butterflies
 h - a scroll of revelation
 j - 2 scrolls of noise
Potions
 f - 2 potions of curing
 i - 2 potions of enlightenment
 k - a potion of mutation
 l - a potion of lignification {unknown}
 m - a potion of ambrosia {unknown}
 q - a potion of brilliance {unknown}


   Skills:
 - Level 2.1 Fighting
 + Level 9.7 Ranged Weapons
 - Level 1.7 Dodging
 - Level 1.2 Stealth


You had 7 spell levels left.
You didn't know any spells.
Your spell library contained the following spells:

 Spells                   Type           Power      Damage    Failure   Level
 Sting                    Tmut/Pois      0%         1d3       45%         1
 Ensorcelled Hibernation  Hex/Ice        0%         N/A       58%         2
 Lesser Beckoning         Tloc           0%         N/A       58%         2
 Passwall                 Tmut/Erth      0%         N/A       58%         2
 Poisonous Vapours        Pois/Air       0%         N/A       58%         2
 Static Discharge         Conj/Air       0%         2-2/arc   58%         2
 Gell's Gravitas          Tloc           0%         N/A       83%         3
 Teleport Other           Tloc           0%         N/A       83%         3
 Airstrike                Air            0%         2d(0-16)  99%         4
 Olgreb's Toxic Radiance  Pois           0%         N/A       99%         4
 Summon Lightning Spire   Summ/Air       0%         N/A       99%         4
 Swiftness                Air            Unusable   N/A       N/A         3

Dungeon Overview and Level Annotations

Branches:
Dungeon (5/15)
 Temple: D:4-7

Altars:


Innate Abilities, Weirdness & Mutations

You cannot be hasted, slowed, berserked, paralysed or teleported.
You can dig through walls and to a lower floor.
You have a pair of large antennae on your head. (SInv)
Your four strong arms can wield two-handed weapons with a shield.


Message History

The steam dragon bites you. The steam dragon closely misses you.
You shoot an arrow. The arrow hits the steam dragon.
The steam dragon is lightly wounded.
The steam dragon barely misses you.
The steam dragon claws you but does no damage.
You fade into invisibility!
The steam dragon breathes steam at you. The ball of steam misses you.
The steam dragon closely misses you. x2
You see here a +0 war axe.
You shoot an arrow. The arrow hits the steam dragon!
The steam dragon is moderately wounded.
The steam dragon barely misses you.
The steam dragon claws you but does no damage.
You shoot an arrow. The steam dragon hisses angrily.
The arrow hits the steam dragon.
The steam dragon is heavily wounded.
The steam dragon bites you! The steam dragon completely misses you.
You shoot an arrow.
The arrow barely misses the steam dragon.
The steam dragon barely misses you. The steam dragon misses you.
You shoot an arrow. The arrow hits the steam dragon.
The steam dragon is severely wounded.
The steam dragon breathes steam at you. The ball of steam misses you.
You shoot an arrow. The arrow hits the steam dragon.
The steam dragon is severely wounded.
You are engulfed in a cloud of scalding steam.
The steam dragon bites you. The steam dragon closely misses you.
You shoot an arrow.
The arrow barely misses the steam dragon.
The arrow hits the ogre!
The ogre is moderately wounded.
You are engulfed in a cloud of scalding steam.
* * * LOW HITPOINT WARNING * * *
You shoot an arrow. The arrow hits the steam dragon!
The steam dragon is almost dead.
You are engulfed in a cloud of scalding steam.
You die...

......# .......
..(....##
..⌠.....#
......#.##
..D.....†#
..^..?.#.# {
.#...###.#
...###@DO## {
.###...#..#
###....§...##
#...........#
#..
##.#........##
#..
#.....⌠.....#
#.#
##........#.####
#.#
#.............#
#.#
##.......(###.#
#.##


You could see a steam dragon (unable to see you) and an ogre (unable to see
you).

Vanquished Creatures
  An ice beast (D:5)
  A phantom (D:5)
  3 scorpions
  2 jellies (D:4)
  A hound (D:5)
  2 orc priests
  Crazy Yiuf (D:4)
  Ijyb (D:3)
  3 iguanas (D:4)
  2 orc wizards (D:4)
  Robin (D:4)
  5 adders
  4 gnolls (D:4)
  2 ufetubi (D:4)
  A worm (D:2)
  2 dart slugs
  9 orcs
  6 endoplasms
  3 giant cockroaches
  8 hobgoblins
  7 kobolds
  2 quokkas (D:1)
  6 ball pythons
  6 bats
  2 frilled lizards (D:3)
  10 goblins
  2 rats
93 creatures vanquished.

Notes
Turn   | Place    | Note
-------+----------+-------------------------------------------
     0 | D:1      | HoaS the Formicid Hunter began the quest for the Orb.
     0 | D:1      | Reached XP level 1. HP: 16/16 MP: 1/1
   211 | D:1      | Reached XP level 2. HP: 22/22 MP: 2/2
   669 | D:1      | Reached XP level 3. HP: 27/27 MP: 3/3
   859 | D:1      | Reached skill level 5 in Ranged Weapons
   964 | D:2      | Reached XP level 4. HP: 24/33 MP: 4/4
  1475 | D:3      | Identified the amulet of Suspicion {Will+ Regen+ rCorr
                  | Str+5}
  1539 | D:3      | Reached XP level 5. HP: 38/38 MP: 5/5
  1584 | D:3      | Reached skill level 6 in Ranged Weapons
  1886 | D:3      | Noticed Ijyb
  1913 | D:3      | Killed Ijyb
  2169 | D:4      | Reached XP level 6. HP: 44/44 MP: 6/6
  2378 | D:4      | Reached skill level 7 in Ranged Weapons
  2634 | D:4      | Reached XP level 7. HP: 8/50 MP: 7/7
  2759 | D:4      | Noticed Robin
  2761 | D:4      | Reached skill level 8 in Ranged Weapons
  2771 | D:4      | Killed Robin
  2906 | D:4      | Found a runed translucent door.
  2907 | D:4      | Noticed Crazy Yiuf
  3139 | D:4      | Killed Crazy Yiuf
  3195 | D:5      | Entered Level 5 of the Dungeon
  3367 | D:5      | Reached skill level 9 in Ranged Weapons
  3367 | D:5      | Reached XP level 8. HP: 56/56 MP: 8/8
  3444 | D:5      | Engulfed by a steam dragon's steam

Illustrated notes

Levels and vault maps discovered:
D:1:      lightli_arrival_farm, layout_loops_ring, minmay_misc_feat_x
D:2:      layout_rooms
D:3:      layout_loops_ring, uniq_ijyb
D:4:      layout_rooms, serial_rivers, chequers_serial_rivers_room_a,
          chequers_serial_rivers_room_a, chequers_serial_rivers_micro_d,
          chequers_serial_rivers_micro_e, chequers_serial_rivers_small_b,
          minmay_misc_feat_doors, uniq_robin, uniq_crazy_yiuf_cottage
D:5:      minmay_skewed_foursquare, layout_loops_ring, pf_just_have_faith,
          mainiacjoe_overflow_six_doors_small, minmay_temple_entry_nine_rooms,
          minmay_lizard_king

Skill      XL: |  1  2  3  4  5  6  7 |
---------------+----------------------+-----
Ranged Weapons | 5 6 7 9 |  9.7
Fighting       | |  2.1
Dodging        | |  1.7
Stealth        | |  1.2

Action                     |  1- 3 |  4- 6 |  7- 9 || total
---------------------------+-------+-------+-------++-------
   Fire: Shortbow          |    63 |   195 |   130 ||   388
    Use: Scroll            |       |    11 |     2 ||    13
         Potion            |       |       |     1 ||     1
 Armour: Leather armour    |    10 |    56 |    36 ||   102
  Dodge: Dodged            |    13 |    61 |    34 ||   108

Table legend: (Time is in decaauts)
 A = Elapsed time spent in this place.
 B = Non-inter-level travel time spent in this place.
 C = Inter-level travel time spent in this place.
 D = Time resting spent in this place.
 E = Time spent auto-exploring this place.
 F = Levels seen in this place.
 G = Mean time per level.
                   A        B        C        D        E       F      G
               +--------+--------+--------+--------+--------+-----+--------+
         Total |   3493 |   3341 |    152 |    269 |   2396 |   5 |  698.6 |
       Dungeon |   3493 |   3341 |    152 |    269 |   2396 |   5 |  698.6 |
               +--------+--------+--------+--------+--------+-----+--------+

Top non-repeatable levels by time:
     D:4: 1082 daAuts
     D:1: 910 daAuts
     D:3: 671 daAuts
     D:2: 583 daAuts
     D:5: 246 daAuts
